 Dungeon Crawl Stone Soup version 0.29.1-15-g9cfb28693d (webtiles) character file.

Game seed: 13696838976344344842

100 Anandil the Charlatan (level 4, -10/33 HPs)
             Began as a Demonspawn Artificer on Apr 25, 2023.
             Killed by divine providence
             ... invoked by an orc priest
              (12 damage)
             ... on level 4 of the Dungeon.
             The game lasted 00:05:50 (2868 turns).

Anandil the Charlatan (Demonspawn Artificer)        Turns: 2868, Time: 00:05:51

Health: -10/33     AC: 15    Str: 14 (15) XL:     4   Next: 46%
Magic:  4/4        EV: 10    Int:  9 (12) God:
Gold:   195        SH:  0    Dex: 11 (13) Spells: 3/3 levels left

rFire   . . .      SeeInvis .   p - +0 trident
rCold   . . .      Faith    .   (no shield)
rNeg    . . .      Spirit   .   B - +0 chain mail
rPois   .          Reflect  .   (no helmet)
rElec   .          Harm     .   (no cloak)
rCorr   .          Rampage  .   (no gloves)
Will    .....                   g - +2 pair of boots
Stlth   ..........              o - amulet of magic regeneration
HPRegen 0.11/turn               j - +4 ring of evasion
MPRegen 0.49/turn               (no ring)

@: brilliant, attractive
A: molten scales 2
a: no special abilities


You were on level 4 of the Dungeon.
You visited 1 branch of the dungeon, and saw 4 of its levels.

You collected 195 gold pieces.

Inventory:

Hand Weapons
 a - a +0 club
 p - a +0 trident (weapon)
Missiles
 k - 6 poisoned darts
Armour
 b - a +0 leather armour
 g - a +2 pair of boots (worn)
 B - a +0 chain mail (worn)
Jewellery
 j - a +4 ring of evasion (left hand)
 o - an amulet of magic regeneration (around neck)
 v - a ring of fire
 y - a +6 ring of strength
Wands
 c - a wand of flame (5) (quivered)
 d - a wand of charming (15)
 e - a wand of iceblast (5)
Scrolls
 f - a scroll of magic mapping {unknown}
 l - 2 scrolls of teleportation
 m - a scroll of torment
 n - 4 scrolls of vulnerability
 q - 2 scrolls of fear
 s - a scroll of poison {unknown}
 x - a scroll of brand weapon {unknown}
Potions
 h - a potion of cancellation {unknown}
 i - 2 potions of curing {unknown}
 r - 2 potions of brilliance
 t - a potion of attraction
 u - a potion of invisibility {unknown}
 w - a potion of degeneration
 z - a potion of heal wounds {unknown}
 A - a potion of haste {unknown}


   Skills:
 + Level 2.2 Fighting
 + Level 0.7 Polearms
 + Level 2.5 Armour
 + Level 2.0 Dodging
 - Level 0.8 Stealth
 + Level 3.6 Evocations


You had 3 spell levels left.
You didn't know any spells.
Your spell library was empty.

Dungeon Overview and Level Annotations

Branches:
Dungeon (4/15)
 Temple: D:4-7

Altars:
Cheibriados
Qazlal
Uskayaw
Wu Jian


Innate Abilities, Weirdness & Mutations

You are mostly covered in molten scales. (AC +3)


Message History

Unknown command.
It was a potion of brilliance.
You feel clever all of a sudden. The orc barely misses you.
The orc hits you but does no damage.
The orc priest hits you with a +0 falchion.
The orc hits you but does no damage. x2
The orc wizard hits you with a +0 dagger.
Unknown command.
The orc hits you but does no damage.
The orc wizard hits you but does no damage.
The orc hits you with a +0 club. The orc barely misses you.
The orc priest invokes the aid of Beogh against you.
Pain shoots through your body! The orc hits you but does no damage.
In your confused state, you trip and fall back down the stairs.
The orc completely misses you. The orc priest closely misses you.
The orc hits you but does no damage. The orc closely misses you.
The orc hits you with a +0 club.
* * * LOW HITPOINT WARNING * * *
The orc wizard gestures at you while chanting.
You resist with some effort.
Unknown command.
Unknown command.
It was a potion of attraction.
You feel attractive to monsters. The orc hits you but does no damage.
The orc barely misses you.
The orc priest hits you but does no damage.
The orc barely misses you. The orc completely misses you.
The orc wizard gestures at you while chanting.
The magic dart hits you.
* * * LOW HITPOINT WARNING * * *
The orc priest is attracted toward you.
Unknown command.
It was a potion of degeneration.
There was something very wrong with that liquid.
You feel weakened.
You feel dopey.
You feel clumsy.
You feel less confused. The orc barely misses you.
The orc priest invokes the aid of Beogh against you.
Beogh smites you!
You die...

..ยง.......
..........
##.........
#..........
#..o.......
#..........
##..oo......
#..o@oS.....
......o.o......
...............
..............#
.###.........##
#.........#
#..........#
##..........


You could see 2 orc priests, an orc wizard, 4 orcs and a ball python.

Vanquished Creatures
  2 adders
  2 dart slugs (D:2)
  8 orcs
  5 ball pythons
  3 bats
  8 endoplasms
  3 giant cockroaches
  4 goblins
  8 hobgoblins
  4 jackals (D:2)
  2 quokkas (D:1)
  2 frilled lizards (D:1)
  6 kobolds
  6 rats
63 creatures vanquished.

Notes
Turn   | Place    | Note
-------+----------+-------------------------------------------
     0 | D:1      | Anandil the Demonspawn Artificer began the quest for the
                  | Orb.
     0 | D:1      | Reached XP level 1. HP: 15/15 MP: 1/1
    38 | D:1      | Reached skill level 1 in Dodging
   336 | D:1      | Gained mutation: You are partially covered in molten
                  | scales. (AC +2) [demonic ancestry]
   336 | D:1      | Reached XP level 2. HP: 21/21 MP: 2/2
  1059 | D:2      | Found a faded altar of an unknown god.
  1132 | D:2      | Gained mutation: You are mostly covered in molten scales.
                  | (AC +3) [demonic ancestry]
  1132 | D:2      | Reached XP level 3. HP: 26/26 MP: 3/3
  1819 | D:2      | Reached XP level 4. HP: 29/33 MP: 4/4
  1963 | D:3      | Found a snail-covered altar of Cheibriados.
  2197 | D:3      | Found a hide-covered altar of Uskayaw.
  2276 | D:3      | Found an ornate altar of the Wu Jian Council.
  2325 | D:3      | Found a stormy altar of Qazlal.
  2868 | D:4      | Killed from afar by an orc priest

Illustrated notes

Levels and vault maps discovered:
D:1:      amcnicky_arrival_gap_in_the_tavern_cellar, layout_basic
D:2:      layout_basic, basic_ecumenical_altar
D:3:      layout_rooms, nzn_wu_jian_council_hall, grunt_qazlal_clouds,
          mainiacjoe_overflow_surrounded_room, old_standard_altar,
          minmay_misc_feat_four_crosses
D:4:      layout_layer_cave, mainiacjoe_overflow_small_starburst

Skill      XL: |  1  2  3  4 |
---------------+-------------+-----
Dodging        | 1 2 |  2.0
Armour         | 2 |  2.5
Fighting       | 2 |  2.2
Polearms       | |  0.7
Stealth        | |  0.8
Evocations     | |  3.6

Action                   |  1- 3 |  4- 6 || total
-------------------------+-------+-------++-------
Melee: Club              |    68 |       ||    68
       Trident           |    91 |    34 ||   125
       Punch             |     2 |       ||     2
Evoke: Wand              |     7 |     3 ||    10
  Use: Scroll            |       |     4 ||     4
       Potion            |       |     3 ||     3
 Stab: Sleeping          |     3 |       ||     3
Armor: Leather armour    |    55 |    10 ||    65
       Chain mail        |       |    14 ||    14
Dodge: Dodged            |   188 |    49 ||   237
